 Dungeon Crawl Stone Soup version 0.27.1-1-g398f81649c (webtiles) character file.

Game seed: 11477618462410113586

18 acemry the Changer (level 2, -6/18 HPs)
             Began as an Octopode Transmuter on Sept 5, 2021.
             Engulfed by a cloud of steam (8 damage)
             ... on level 1 of the Dungeon.
             The game lasted 00:01:25 (1573 turns).

acemry the Changer (Octopode Transmuter)            Turns: 1573, Time: 00:01:26

Health: -6/18      AC:  1    Str:  9    XL:     2   Next: 66%
Magic:  5/5        EV: 13    Int: 15    God:
Gold:   55         SH:  0    Dex: 12    Spells: 4/5 levels left

rFire    . . .     SeeInvis .     - Unarmed
rCold    . . .     Faith    .   (no shield)
rNeg     . . .     Spirit   .   (helmet restricted)
rPois    .         Reflect  .   (no amulet)
rElec    .         Harm     .   (no ring)
rCorr    .         Rampage  .   (no ring)
Will     .....                  (no ring)
Stlth    +++.......             (no ring)
HPRegen  0.06/turn              (no ring)
MPRegen  0.09/turn              (no ring)
                                (no ring)
                                (no ring)

@: no status effects
A: almost no armour, amphibious, 8 rings, camouflage 1, gelatinous body 1,
nimble swimmer 1, tentacles
a: no special abilities


You were on level 1 of the Dungeon.
You visited 1 branch of the dungeon, and saw 1 of its levels.

You collected 55 gold pieces.

Inventory:

Scrolls
 a - a scroll of immolation {unknown}
 b - a scroll of teleportation {unknown}
 c - a scroll of enchant weapon {unknown}
Potions
 d - a potion of might {unknown}


   Skills:
 - Level 1.0 Fighting
 - Level 2.0 Dodging
 - Level 3.0 Unarmed Combat
 - Level 2.0 Spellcasting
 + Level 3.1 Transmutations


You had 4 spell levels left.
You knew the following spells:

 Your Spells              Type           Power      Damage    Failure   Level
a - Beastly Appendage     Tmut           22%        N/A       6%          1

Your spell library contained the following spells:

 Spells                   Type           Power      Damage    Failure   Level
 Wereblood                Tmut           11%        N/A       9%          2
 Spider Form              Tmut/Pois      3%         N/A       34%         3
 Ice Form                 Ice/Tmut       6%         N/A       75%         4


Dungeon Overview and Level Annotations

Branches:
Dungeon (1/15)

Altars:


Innate Abilities, Weirdness & Mutations

You cannot wear most types of armour.
You are amphibious.
You can wear up to eight rings at the same time.
Your skin changes colour to match your surroundings (Stealth+).
Your rubbery body absorbs attacks. (AC +1, EV +1)
You are camouflaged near water. (Stealth+)
You have tentacles for arms and can constrict up to eight enemies at once.


Message History

d - a smoky dark potion
There is a staircase leading out of the dungeon here.
There is an open door here.
You see here a +0 dagger.
There is an open door here.
There is a shaft here.
There is a faded altar of an unknown god here.
There is a faded altar of an unknown god here.
You open the door.
There is an open door here.
An endoplasm comes into view.
One of your tentacles grows a vicious spike.
The endoplasm quivers.
The endoplasm closely misses you.
You tentacle-slap the endoplasm.
You pierce the endoplasm.
The endoplasm is severely wounded.
The endoplasm hits you.
You tentacle-slap the endoplasm.
You kill the endoplasm!
No target in view!
Your transformation is almost over.
Your tentacle spike disappears.
There is an open door here.
There is a shaft here.
There is an open door here.
Key pressed, stopping explore.
There is an open door here.
There is an open door here.
You see here a +0 club.
Partly explored, can't reach some places.
Really swim into a travel-excluded area?
Uppercase [Y]es or [N]o only, please.
Really swim into a travel-excluded area?
You are engulfed in a cloud of scalding steam.
Ouch! That really hurt!
You're standing in a cloud of steam!
You are engulfed in a cloud of scalding steam.
* * * LOW HITPOINT WARNING * * *
You are engulfed in a cloud of scalding steam.
You die...

#### ################≈≈#
............##≈§≈§####
############# #§≈≈§≈≈#
......####### ##≈#
....#.##....# #≈##
....#.##.#### #§###
....#.##.#..# ##@≈#
)...#....##.#####≈#######
.......####....≈≈≈≈≈....#
.......####.....≈≈≈.....#
.......#....##.......##.#
##)....#.###########....#
#.....#.# #.####
#.....#.# #)# #.....#.#
#.#


There were no monsters in sight!

Vanquished Creatures
  2 endoplasms (D:1)
  A giant cockroach (D:1)
  3 goblins (D:1)
  A hobgoblin (D:1)
  A jackal (D:1)
  A quokka (D:1)
  A ball python (D:1)
  2 bats (D:1)
  3 kobolds (D:1)
  2 rats (D:1)
17 creatures vanquished.

Notes
Turn   | Place    | Note
-------+----------+-------------------------------------------
     0 | D:1      | acemry the Octopode Transmuter began the quest for the Orb.
     0 | D:1      | Reached XP level 1. HP: 13/13 MP: 3/3
   468 | D:1      | Reached XP level 2. HP: 18/18 MP: 3/5
   520 | D:1      | Found a faded altar of an unknown god.
  1573 | D:1      | Engulfed by a cloud of steam

Illustrated notes

Levels and vault maps discovered:
D:1:      lemuel_arrival_rhombus, layout_basic, shapermc_ecumenical_altar_gd,
          st_stairs_1, lemuel_another_geyser

Skill      XL: |  1  2 |
---------------+-------+-----
Transmutations | 3 |  3.1
Fighting       | |  1.0
Dodging        | |  2.0
Unarmed Combat | |  3.0
Spellcasting   | |  2.0

Action                   || total
-------------------------++-------
Melee: Unarmed           ||    38
       Constrict         ||     9
       Tentacles         ||     5
       Kick              ||     4
       Punch             ||     1
 Cast: Beastly Appendage ||    13
 Stab: Sleeping          ||     2
Armor: Skin              ||     6
Dodge: Dodged            ||    25
